 Dungeon Crawl Stone Soup version 0.29.1-1-gd02db6906a (webtiles) character file.

Game seed: 2436383347813952220

1274 Earthwalker the Covered (level 8, 0/71 HPs)
             Began as a Minotaur Fighter on Oct 13, 2022.
             Shot with a sling bullet by Joseph (14 damage)
             ... on level 7 of the Dungeon.
             The game lasted 00:12:50 (6821 turns).

Earthwalker the Covered (Minotaur Fighter)          Turns: 6821, Time: 00:12:51

Health: 0/71       AC:  7    Str: 22    XL:     8   Next: 28%
Magic:  7/7        EV: 10    Int:  5    God:
Gold:   258        SH:  5    Dex: 11    Spells: 7/7 levels left

rFire   . . .      SeeInvis +   a - +0 war axe
rCold   + . .      Faith    .   c - +0 buckler
rNeg    . . .      Spirit   .   b - +0 scale mail
rPois   .          Reflect  .   (helmet restricted)
rElec   .          Harm     .   (no cloak)
rCorr   .          Rampage  .   (no gloves)
Will    .....                   (no boots)
Stlth   ..........              (no amulet)
HPRegen 0.21/turn               j - ring of see invisible
MPRegen 0.10/turn               D - ring of protection from cold

@: no status effects
A: horns 2, retaliatory headbutt
a: no special abilities


You were on level 7 of the Dungeon.
You visited 2 branches of the dungeon, and saw 8 of its levels.
You also visited: Sewer.

You collected 258 gold pieces.

Inventory:

Hand Weapons
 a - a +0 war axe (weapon)
Missiles
 i - 9 stones
 B - 5 atropa-tipped darts
 C - a poisoned dart (quivered)
Armour
 b - a +0 scale mail (worn)
 c - a +0 buckler (worn)
Jewellery
 f - an amulet of faith
 j - a ring of see invisible (left hand)
 D - a ring of protection from cold (right hand)
 H - a ring of willpower
Wands
 A - a wand of flame (51)
Scrolls
 e - 2 scrolls of blinking {unknown}
 g - 2 scrolls of fear {unknown}
 h - 2 scrolls of vulnerability {unknown}
 l - 3 scrolls of immolation {unknown}
 m - 2 scrolls of enchant armour {unknown}
 n - a scroll of brand weapon {unknown}
 r - 4 scrolls of identify {unknown}
 s - 4 scrolls of teleportation {unknown}
 w - 2 scrolls of poison {unknown}
 y - 4 scrolls of enchant weapon {unknown}
 E - 2 scrolls of silence {unknown}
 G - a scroll of magic mapping {unknown}
 J - a scroll of butterflies {unknown}
Potions
 d - 2 potions of might
 k - 2 potions of degeneration {unknown}
 o - 3 potions of flight {unknown}
 p - 6 potions of curing {unknown}
 q - 2 potions of brilliance {unknown}
 t - a potion of lignification {unknown}
 u - a potion of invisibility {unknown}
 v - 2 potions of resistance {unknown}
 x - a potion of experience {unknown}
 z - 4 potions of heal wounds {unknown}
 F - 2 potions of mutation {unknown}
 I - a potion of cancellation {unknown}


   Skills:
 * Level 6.7 Fighting
 * Level 6.1 Axes
 * Level 6.7 Armour
 + Level 3.1 Dodging
 * Level 6.7 Shields


You had 7 spell levels left.
You didn't know any spells.
Your spell library contained the following spells:

 Spells                   Type           Power      Damage    Failure   Level
 Apportation              Tloc           0%         N/A       85%         1
 Necrotise                Necr           0%         1d4       85%         1
 Summon Small Mammal      Summ           0%         N/A       85%         1
 Call Canine Familiar     Summ           0%         N/A       99%         3
 Dazzling Flash           Conj/Hex       0%         N/A       99%         3
 Inner Flame              Hex/Fire       0%         N/A       99%         3
 Summon Guardian Golem    Hex/Summ       0%         N/A       99%         3
 Cause Fear               Hex            0%         N/A       100%        4
 Agony                    Necr           0%         N/A       100%        5
 Silence                  Hex/Air        0%         N/A       100%        5
 Discord                  Hex            0%         N/A       100%        8


Dungeon Overview and Level Annotations

Branches:
Dungeon (7/15)             Temple (1/1) D:6           Sewer (visited)

Altars:
Ashenzari
Cheibriados
Dithmenos
Fedhas
Gozag
Kikubaaqudgha
Makhleb
Nemelex Xobeh
Qazlal
Ru
Wu Jian
Xom
Zin
The Shining One

Shops:
D:6 ?

Annotations:
D:7 Joseph


Innate Abilities, Weirdness & Mutations

You have a pair of horns on your head.
You reflexively headbutt those who attack you in melee.


Message History

Throw: 11 stones
Press: ? - help, Q - select action, (/) - cycle Shift-Dir - straight line, f/p - Joseph
Aim: Joseph, wielding a +0 sling and wearing a +0 ring mail (lightly wounded, 63% to hit)
You throw a stone. The stone closely misses Joseph.
Joseph shoots a sling bullet.
You block the sling bullet.
Throw: 10 stones
Press: ? - help, Q - select action, (/) - cycle Shift-Dir - straight line, f/p - Joseph
Aim: Joseph, wielding a +0 sling and wearing a +0 ring mail (lightly wounded, 63% to hit)
You throw a stone.
The stone hits Joseph but does no damage.
Joseph is lightly wounded.
Throw: 5 darts (poison)
Press: ? - help, Q - select action, (/) - cycle Shift-Dir - straight line, f/p - Joseph
Aim: Joseph, wielding a +0 sling and wearing a +0 ring mail (lightly wounded, 63% to hit)
You throw a poisoned dart. The poisoned dart barely misses Joseph.
Throw: 4 darts (poison)
Press: ? - help, Q - select action, (/) - cycle Shift-Dir - straight line, f/p - Joseph
Aim: Joseph, wielding a +0 sling and wearing a +0 ring mail (lightly wounded, 63% to hit)
You throw a poisoned dart. The poisoned dart hits Joseph.
Joseph is poisoned.
Joseph is lightly wounded.
Joseph shoots a sling bullet.
The sling bullet hits you!
Throw: 3 darts (poison)
Press: ? - help, Q - select action, (/) - cycle Shift-Dir - straight line, f/p - Joseph
Aim: Joseph, wielding a +0 sling and wearing a +0 ring mail (lightly wounded, poisoned, 63% to hit)
You throw a poisoned dart. The poisoned dart hits Joseph.
Joseph is lightly wounded.
Joseph shoots a sling bullet.
The sling bullet completely misses you.
Throw: 2 darts (poison)
Press: ? - help, Q - select action, (/) - cycle Shift-Dir - straight line, f/p - Joseph
Aim: Joseph, wielding a +0 sling and wearing a +0 ring mail (lightly wounded, poisoned, 63% to hit)
You throw a poisoned dart. The poisoned dart hits Joseph.
Joseph is lightly wounded.
Joseph shoots a sling bullet.
The sling bullet barely misses you.
Joseph shoots a sling bullet.
The sling bullet hits you!
Joseph looks more healthy.
Joseph shoots a sling bullet.
The sling bullet hits you!
* * * LOW HITPOINT WARNING * * *
Joseph says, "I'm here to kill trespassers.
I like my job."
Joseph shoots a sling bullet.
The sling bullet hits you!
You die...

###
#############.#########
######
#.......@.....@........
.....#
#.###########.#.#####.
####.# #.# #.#.#
####'####.# #.#.####
.##....##.# #.#....#
.##....##.# #.#.@..#
.##....##.# ..#....#
..........# ..#....+
..#.<.###### #.$..#


You could see Joseph.

Vanquished Creatures
  A water moccasin (D:5)
  2 ogres (D:5)
  A sky beast (D:6)
  A phantom (D:5)
  3 necrophages (D:5)
  2 scorpions
  3 hounds
  4 jellies
  Terence (D:3)
  An iguana (D:5)
  An orc wizard (D:3)
  4 gnolls
  9 adders
  A river rat (Sewer)
  A white imp (D:5)
  An ufetubus (D:5)
  3 worms
  8 orcs
  6 ball pythons
  10 endoplasms
  7 giant cockroaches
  8 goblins
  7 hobgoblins
  A jackal (D:3)
  5 kobolds
  9 quokkas
  10 bats
  7 frilled lizards
  6 rats
  A spectral hobgoblin (D:1)
124 creatures vanquished.

Notes
Turn   | Place    | Note
-------+----------+-------------------------------------------
     0 | D:1      | Earthwalker the Minotaur Fighter began the quest for the
                  | Orb.
     0 | D:1      | Reached XP level 1. HP: 19/19 MP: 0/0
   282 | D:1      | Found a faded altar of an unknown god.
   521 | D:1      | Reached XP level 2. HP: 26/26 MP: 1/1
  1493 | D:2      | Reached XP level 3. HP: 33/33 MP: 2/2
  1961 | D:3      | Noticed Terence
  1969 | D:3      | Killed Terence
  1970 | D:3      | Reached skill level 1 in Dodging
  1970 | D:3      | Reached XP level 4. HP: 22/40 MP: 3/3
  1972 | D:3      | Found a glowing drain.
  2048 | Sewer    | Entered a sewer
  2349 | Sewer    | Found a viscous altar of Jiyva.
  2372 | Sewer    | Reached XP level 5. HP: 47/47 MP: 4/4
  2990 | D:3      | Reached skill level 5 in Armour
  2995 | D:3      | Reached skill level 5 in Fighting
  3101 | D:3      | Reached XP level 6. HP: 56/56 MP: 5/5
  3115 | D:3      | Reached skill level 5 in Shields
  3194 | D:3      | Found a glowing golden altar of the Shining One.
  3797 | D:4      | Found an ancient bone altar of Kikubaaqudgha.
  4236 | D:5      | Entered Level 5 of the Dungeon
  4285 | D:5      | Reached XP level 7. HP: 56/61 MP: 6/6
  4370 | D:5      | Reached skill level 5 in Axes
  5149 | D:5      | Reached XP level 8. HP: 63/71 MP: 7/7
  5583 | D:6      | Found a broken altar of Ashenzari.
  5829 | D:6      | Found Hauxzugh's Magic Scroll Shop.
  6163 | D:6      | Found a staircase to the Ecumenical Temple.
  6169 | Temple   | Entered the Ecumenical Temple
  6793 | D:7      | Noticed Joseph
  6821 | D:7      | Shot with a sling bullet by Joseph

Illustrated notes

Levels and vault maps discovered:
D:1:      matt_arrival_refuge, layout_basic,
          dreamdust_ecumenical_altar_drowned_temple
D:2:      layout_rooms
D:3:      layout_loops_corners, lemuel_coloured_pillars_altar,
          portal_sewer_entry_f, chequers_hall_statues_corner_a, st_stairs_6,
          minmay_guardbox, uniq_terence
D:4:      layout_cave_pools, mainiacjoe_overflow_chevrons, grunt_ministairs_14
D:5:      layout_gridville, st_stairs_11
D:6:      layout_basic, lemuel_tele_altar, minmay_temple_entry_enclosed_plants,
          serial_shops, shop
D:7:      layout_basic, vehumet_statue, kennysheep_little_box, enter_bailey_8,
          uniq_joseph
Temple:   minmay_temple_curvy_loop

Skill      XL: |  1  2  3  4  5  6  7  8 |
---------------+-------------------------+-----
Fighting       | 4 5 6 |  6.7
Armour         | 4 5 6 |  6.7
Shields        | 4 5 6 |  6.7
Axes           | 3 4 5 6 |  6.1
Dodging        | 1 2 3 |  3.1

Action                   |  1- 3 |  4- 6 |  7- 9 || total
-------------------------+-------+-------+-------++-------
Melee: War axe           |    69 |   141 |    68 ||   278
       Headbutt          |     8 |    17 |    12 ||    37
Throw: Stone             |       |     8 |    23 ||    31
       Dart              |       |       |     4 ||     4
Armor: Scale mail        |    32 |    61 |    21 ||   114
Dodge: Dodged            |    42 |    73 |    38 ||   153
Block: Buckler           |    15 |    33 |    17 ||    65
